 Dungeon Crawl Stone Soup version 0.27-a0-223-ge082b6e869 (webtiles) character file.

Game seed: 10145975927421511178

1085 puppykicker the Vexing (level 8, -1/58 HPs)
             Began as a Vampire Arcane Marksman on Feb 2, 2021.
             Slain by a frilled lizard (2 damage)
             ... in a sewer.
             The game lasted 00:25:19 (5242 turns).

puppykicker the Vexing (Vampire Arcane Marksman)    Turns: 5242, Time: 00:25:19

Health: -1/58      AC:  4    Str: 10    XL:     8   Next: 9%
Magic:  5/12       EV: 10    Int: 17    God:
Gold:   191        SH:  8    Dex: 14    Spells: 5/12 levels left

rFire    . . .     SeeInvis +   b - +1 mace (protect)
rCold    . . .     Faith    .   o - +0 kite shield
rNeg     . . .     Spirit   .   s - +0 leather armour
rPois    .         Reflect  .   (no helmet)
rElec    .         Harm     .   (no cloak)
rCorr    .         Rampage  .   (no gloves)
Will     .....                  g - +0 pair of boots
Stlth    +++.......             l - amulet of the acrobat
HPRegen  0.39/turn              (no ring)
MPRegen  0.13/turn              (no ring)

@: about to teleport, regenerating quickly
A: fangs 3, see invisible, unbreathing
a: Exsanguinate


You were in a sewer.
You visited 1 branch of the dungeon, and saw 5 of its levels.
You also visited: Sewer.

You collected 191 gold pieces.

Inventory:

Hand Weapons
 a - a +1 hand crossbow
 b - a +1 mace of protection (weapon)
 w - a +3 dagger of flaming
Missiles
 c - a throwing net
 d - 7 javelins (quivered)
 Q - 59 bolts
Armour
 g - a +0 pair of boots (worn)
 i - a +0 ring mail
 o - a +0 kite shield (worn)
 s - a +0 leather armour (worn)
Jewellery
 l - an amulet of the acrobat (around neck)
Wands
 q - a wand of polymorph (12)
 r - a wand of iceblast (6)
Scrolls
 e - a scroll of enchant weapon
 k - a scroll of enchant armour
 p - 3 scrolls of remove curse
Potions
 f - a potion of resistance {unknown}
 h - 3 potions of curing
 j - 2 potions of might
 n - a potion of invisibility
 u - a potion of brilliance {unknown}
 v - a potion of heal wounds {unknown}
 x - a potion of magic {unknown}


   Skills:
 + Level 3.3 Fighting
 + Level 2.7 Short Blades
 + Level 3.2 Crossbows
 + Level 1.7 Armour
 - Level 3.0 Dodging
 + Level 5.2 Stealth
 + Level 2.3 Shields
 + Level 2.9 Spellcasting
 + Level 6.8 Hexes


You had 5 spell levels left.
You knew the following spells:

 Your Spells              Type           Power        Failure   Level
a - Corona                Hex            27%          8%          1
b - Slow                  Hex            25%          11%         2
c - Cause Fear            Hex            12%          58%         4

Your spell library contained the following spells:

 Spells                   Type           Power        Failure   Level
 Inner Flame              Hex/Fire       14%          65%         3
 Portal Projectile        Hex/Tloc       28%          65%         3
 Beastly Appendage        Tmut           4%           77%         1
 Wereblood                Tmut           2%           88%         2
 Leda's Liquefaction      Hex/Erth       7%           96%         4
 Spider Form              Tmut/Pois      1%           98%         3
 Ice Form                 Ice/Tmut       2%           100%        4
 Blade Hands              Tmut           1%           100%        5


Dungeon Overview and Level Annotations

Branches:
Dungeon (5/15)              Sewer (1/1)
 Temple: D:4-7

Altars:
Elyvilon


Innate Abilities, Weirdness & Mutations

Your natural rate of healing is unusually fast.
You have razor-sharp teeth.
You have supernaturally acute eyesight. (SInv)
You can survive without breathing.


Message History

You feel strangely unstable. You block the frilled lizard's attack.
The leopard gecko splashes around in the water.
The bullfrog hits you.
* * * LOW HITPOINT WARNING * * *
You take 2 damage, and have 11/58 hp.
Your +1 mace of protection hums with potential!
b - a +1 mace of protection (weapon)
The frilled lizard bites you.
* * * LOW HITPOINT WARNING * * *
The leopard gecko splashes around in the water.
The bullfrog barely misses you.
You take 2 damage, and have 9/58 hp.
Unknown command.
You closely miss the bullfrog.
The leopard gecko splashes around in the water.
The frilled lizard misses you. The bullfrog hits you!
* * * LOW HITPOINT WARNING * * *
The leopard gecko barely misses you. The frilled lizard bites you.
You die...

≈##≈≈# #≈≈###≈#.≈#
≈#≈≈## ##≈..#≈#≈≈# ≈#≈≈#
≈ #≈≈∩#≈#≈≈# ≈#≈≈# ≈.
#≈≈≈#†#≈≈# ≈#≈≈# ≈$.
#≈.##≈#≈≈# .#≈≈# .|B≈
#≈.#≈≈#≈≈# ≈#.≈# .?.$≈
#.≈#≈≈#†.# ≈#≈≈##
≈.$≈.≈##Fl#≈≈≈≈.# ≈##≈≈#
≈≈(≈≈.≈Bl@#≈≈≈..#
≈≈#≈≈##≈≈≈(≈≈≈(###≈≈≈≈≈#
.≈#≈≈≈##≈≈≈≈(###≈#######
..##≈.≈#######≈≈.≈.#
≈.≈#≈≈≈≈≈≈≈≈≈†≈≈†.≈#
#≈≈##≈≈≈≈≈≈≈≈≈##†≈##
#.≈†##≈≈≈≈≈†.##≈≈##
#≈.†≈###≈.≈###≈≈≈#
##≈≈†≈≈#####.≈≈≈≈#


You could see a bullfrog (slow), a leopard gecko, a giant cockroach and a
frilled lizard.

Levels and vault maps discovered:
D:1:      psy_arrival_dodecagon, layout_basic, serial_curves, eino_curves_02,
          eino_curves_03, chequers_arboretum
D:2:      layout_basic, uniq_natasha
D:3:      layout_loops_ring, elyvilon_altar_4, chequers_ecumenical_altar_island,
          uniq_jessica, uniq_ijyb
D:4:      layout_basic, chequers_serial_rivers_micro_d
D:5:      layout_rooms, cheibrodos_sewer_entry_drain, minmay_between
Sewer:    sewer_frog_island_02

Notes
Turn   | Place    | Note
-------+----------+-------------------------------------------
     0 | D:1      | puppykicker the Vampire Arcane Marksman began the quest for
                  | the Orb.
     0 | D:1      | Reached XP level 1. HP: 14/14 MP: 2/2
    37 | D:1      | Identified a +0 hand crossbow
    42 | D:1      | Reached skill level 1 in Fighting
    74 | D:1      | Identified a +0 dagger (You found it on level 1 of the
                  | Dungeon)
   165 | D:1      | Identified a +0 dagger
   172 | D:1      | Reached skill level 1 in Stealth
   236 | D:1      | Identified a +0 dagger
   242 | D:1      | Reached XP level 2. HP: 20/21 MP: 3/3
   260 | D:1      | Learned a level 2 spell: Slow
   272 | D:1      | Identified a +0 club
   282 | D:1      | Identified a +0 club
   375 | D:1      | Identified a +0 club
   413 | D:1      | Identified a +0 whip
   438 | D:1      | Identified a +0 club
   516 | D:1      | Identified a +0 dagger
   570 | D:1      | Identified a +0 pair of boots (You found it on level 1 of
                  | the Dungeon)
   576 | D:1      | Identified a +1 mace of protection (You found it on level 1
                  | of the Dungeon)
  1105 | D:2      | Reached XP level 3. HP: 26/26 MP: 5/5
  1115 | D:2      | Identified an uncursed amulet of the acrobat (You found it
                  | on level 2 of the Dungeon)
  1203 | D:2      | Identified a +3 dagger of flaming (You found it on level 2
                  | of the Dungeon)
  1311 | D:2      | Reached skill level 2 in Crossbows
  1311 | D:2      | Identified a +0 club
  1316 | D:2      | Reached skill level 2 in Stealth
  1460 | D:2      | Identified a +0 club
  1528 | D:2      | Identified a +0 dagger
  1545 | D:2      | Reached skill level 5 in Hexes
  1695 | D:2      | Noticed Natasha
  1700 | D:2      | Killed Natasha
  1701 | D:2      | Reached XP level 4. HP: 28/33 MP: 6/6
  1725 | D:2      | Identified a cursed -1 kite shield (You found it on level 2
                  | of the Dungeon)
  1725 | D:2      | Identified 2 scrolls of identify
  1725 | D:2      | Identified a potion of might
  1726 | D:2      | Identified a potion of ambrosia
  1727 | D:2      | Identified 2 scrolls of teleportation
  1728 | D:2      | Identified a scroll of random uselessness
  1729 | D:2      | Identified a scroll of enchant weapon
  1730 | D:2      | Noticed Natasha
  1732 | D:2      | Killed Natasha
  1733 | D:2      | Reached skill level 2 in Spellcasting
  1992 | D:3      | Reached skill level 2 in Fighting
  1996 | D:3      | Identified a +0 whip
  1996 | D:3      | Identified a +0 ring mail
  1998 | D:3      | Identified a cursed -1 hand axe
  2000 | D:3      | Reached skill level 3 in Stealth
  2010 | D:3      | Identified a +0 dagger
  2010 | D:3      | Identified a +0 robe
  2023 | D:3      | Reached XP level 5. HP: 27/38 MP: 8/8
  2075 | D:3      | Found a white marble altar of Elyvilon.
  2097 | D:3      | Found a faded altar of an unknown god.
  2147 | D:3      | Identified a +0 mace
  2147 | D:3      | Identified a +0 mace
  2231 | D:3      | Identified a scroll of fog
  2232 | D:3      | Identified a scroll of remove curse
  2243 | D:3      | Learned a level 4 spell: Cause Fear
  2346 | D:3      | Identified 3 potions of curing
  2405 | D:3      | Identified a +0 dagger
  2405 | D:3      | Identified a +0 robe
  2405 | D:3      | Noticed Jessica
  2407 | D:3      | Killed Jessica
  2430 | D:3      | Identified a cursed -3 club
  2430 | D:3      | Identified a cursed +0 chain mail
  2430 | D:3      | Noticed Ijyb
  2452 | D:3      | Killed Ijyb
  2453 | D:3      | Reached skill level 1 in Short Blades
  2534 | D:3      | Identified a +0 dagger
  2616 | D:3      | Identified a cursed +0 leather armour (You found it on
                  | level 3 of the Dungeon)
  2647 | D:3      | Identified a cursed -3 flail
  2647 | D:3      | Identified a +1 flail of protection
  2668 | D:3      | Reached skill level 1 in Shields
  2668 | D:3      | Reached XP level 6. HP: 20/46 MP: 2/9
  2922 | D:4      | Reached skill level 4 in Stealth
  2931 | D:4      | Identified a +0 flail
  2934 | D:4      | Identified a +0 flail
  2968 | D:4      | Identified a +0 flail
  3199 | D:4      | Identified 2 scrolls of enchant armour
  3359 | D:4      | Identified a +0 dagger
  3359 | D:4      | Identified a +0 whip
  3359 | D:4      | Identified a +0 dagger
  3359 | D:4      | Identified a +0 robe
  3359 | D:4      | Identified a +0 whip
  3385 | D:4      | Reached skill level 6 in Hexes
  3628 | D:4      | Identified a +0 dagger
  3628 | D:4      | Identified a +0 robe
  3628 | D:4      | Identified a +0 hand axe
  3628 | D:4      | Identified a +0 ring mail
  3628 | D:4      | Identified a +0 falchion
  3708 | D:3      | HP: 2/46 [orc priest/divine providence (12)]
  3973 | D:4      | Reached XP level 7. HP: 42/51 MP: 7/10
  4142 | D:4      | Identified a cursed +0 dagger (You found it on level 4 of
                  | the Dungeon)
  4160 | D:5      | Entered Level 5 of the Dungeon
  4170 | D:5      | Identified a +0 mace
  4170 | D:5      | Identified a +0 giant club
  4183 | D:5      | Reached skill level 2 in Short Blades
  4183 | D:5      | Reached skill level 3 in Crossbows
  4183 | D:5      | Reached skill level 1 in Armour
  4193 | D:5      | Reached skill level 3 in Fighting
  4193 | D:5      | Reached skill level 3 in Dodging
  4214 | D:5      | HP: 10/52 [phantom (4)]
  4219 | D:5      | HP: 11/52 [phantom (1)]
  4230 | D:4      | HP: 8/52 [phantom (8)]
  4247 | D:4      | HP: 6/52 [phantom (8)]
  4390 | D:5      | Reached skill level 2 in Shields
  4395 | D:5      | Identified a +0 dagger
  4395 | D:5      | Identified a +0 robe
  4403 | D:5      | Identified a +0 club
  4435 | D:5      | Identified a +0 dagger
  4435 | D:5      | Identified a +0 robe
  4476 | D:5      | Reached skill level 5 in Stealth
  4642 | D:5      | Identified a scroll of magic mapping
  4666 | D:5      | Identified a +0 hand axe
  4666 | D:5      | Identified a +0 leather armour
  4669 | D:5      | Found a glowing drain.
  4678 | Sewer    | Entered a sewer
  5091 | Sewer    | Reached XP level 8. HP: 58/58 MP: 5/12
  5239 | Sewer    | HP: 13/58 [bullfrog (3)]
  5242 | Sewer    | HP: 1/58 [bullfrog (8)]
  5242 | Sewer    | Slain by a frilled lizard

Table legend: (Time is in decaauts)
 A = Elapsed time spent in this place.
 B = Non-inter-level travel time spent in this place.
 C = Inter-level travel time spent in this place.
 D = Time resting spent in this place.
 E = Time spent auto-exploring this place.
 F = Levels seen in this place.
 G = Mean time per level.
                   A        B        C        D        E       F      G
               +--------+--------+--------+--------+--------+-----+--------+
         Total |   5640 |   5362 |    278 |    615 |   2941 |   6 |  940.0 |
       Dungeon |   4908 |   4630 |    278 |    487 |   2722 |   5 |  981.6 |
         Sewer |    732 |    732 |      0 |    128 |    219 |   1 |  732.0 |
               +--------+--------+--------+--------+--------+-----+--------+

Top non-repeatable levels by time:
     D:3: 1241 daAuts
     D:4: 1231 daAuts
     D:1: 1083 daAuts
     D:2: 914 daAuts
   Sewer: 732 daAuts
     D:5: 437 daAuts

Table legend:
 A = Kills in this place as a percentage of kills in entire the game.
 B = Kills by you in this place as a percentage of kills by you in the entire game.
 C = Kills by friends in this place as a percentage of kills by friends in the entire game.
 D = Other kills in this place as a percentage of other kills in the entire game.
 E = Experience gained in this place as a percentage of experience gained in the entire game.
 F = Experience gained in this place divided by the number of levels of this place that you have seen.
                   A       B       C       D       E      F
               +-------+-------+-------+-------+-------+----------------------
         Total | 100.0 | 100.0 |   N/A |   N/A | 100.0 | 258.5
       Dungeon |  67.7 |  67.7 |   N/A |   N/A |  83.0 | 257.6
         Sewer |  32.3 |  32.3 |   N/A |   N/A |  17.0 | 263.0
               +-------+-------+-------+-------+-------+----------------------

Skill      XL: |  1  2  3  4  5  6  7 |
---------------+----------------------+-----
Fighting       | 1 2 3 |  3.3
Stealth        | 1 2 3 4 5 |  5.2
Crossbows      | 2 3 |  3.2
Hexes          | 5 6 |  6.8
Spellcasting   | 2 |  2.9
Short Blades   | 1 2 |  2.7
Shields        | 1 2 |  2.3
Armour         | 1 |  1.7
Dodging        | 3 |  3.0

Action                   |  1- 3 |  4- 6 |  7- 9 || total
-------------------------+-------+-------+-------++-------
Melee: Unarmed           |     5 |       |       ||     5
       Dagger            |    63 |       |       ||    63
       Mace              |    12 |    53 |   129 ||   194
       Bite              |     1 |     2 |    12 ||    15
       Hand crossbow     |       |     2 |       ||     2
 Fire: Hand crossbow     |    66 |   157 |   116 ||   339
 Cast: Corona            |     3 |     7 |    20 ||    30
       Slow              |     1 |    11 |    30 ||    42
  Use: Scroll            |       |     9 |     3 ||    12
       Potion            |       |     2 |       ||     2
 Stab: Sleeping          |     4 |     2 |     1 ||     7
Armor: Robe              |    20 |    27 |       ||    47
       Leather armour    |       |    23 |    85 ||   108
Dodge: Dodged            |    54 |    56 |   151 ||   261
Block: Kite shield       |       |    48 |   120 ||   168

Vanquished Creatures
  A sky beast (D:5)
  An ogre (D:5)
  2 bullfrogs
  A scorpion (D:4)
  A howler monkey (D:5)
  2 orc priests
  Jessica (D:3)
  Ijyb (D:3)
  Natasha (twice) (D:2)
  An iguana (D:4)
  5 orc wizards
  A worker ant (D:4)
  9 adders
  7 gnolls
  An ufetubus (D:5)
  8 oozes
  2 adder skeletons
  6 worms
  3 dart slugs
  9 leopard geckos
  10 orcs
  15 giant cockroaches
  8 goblins
  6 hobgoblins
  6 jackals
  5 kobolds
  A quokka (D:3)
  11 ball pythons
  A ball python zombie (D:5)
  7 bats
  13 frilled lizards
  2 leopard gecko skeletons (D:4)
  12 rats
161 creatures vanquished.
